cohdb
Replays
Latest Replays
All Replays
Popular Replays
Top Player Replays
Match Explorer
How It Works
Community
CoH3 Stats
Reddit
Sign in to upload your games and track your stats! →
Sign in with Steam
Match 23941959
Unlisted
Match 23941959
Overview
Messages
Build Orders
End
Vickers Machine Gun Team
Vickers Machine Gun Team
Construct Section Command Post
ML 3-inch Mortar Team
Infantry Section
Selects Australian Defense Battlegroup
Construct Field Infirmary
Infantry Section
Selects Australian Light Infantry Section
Selects Defensive Tactics
Grenade Package
Construct Platoon Command Post
Selects CMP 15cwt Supply Run
Selects Artillery Trip Wire Flares
Humber Armored Car
6-pounder Anti-tank Gun Team
ML 3-inch Mortar Team
CMP 15cwt Truck
6-pounder Anti-tank Gun Team
Construct Company Command Post
Selects Charged Creeping Barrage
Mad Cow
steak
insane
iceman
0
0
Comments
sign in to comment!
No comments posted yet!